 Dungeon Crawl Stone Soup version 0.29-a0-409-gd843f3a (webtiles) character file.

Game seed: 9837779412811202988

16141 Toastz the Zephyrmancer (level 12, -27/109 HPs)
             Began as a Tengu Air Elementalist on May 13, 2022.
             Was an Elder of Sif Muna.
             Annihilated by a reaper
             ... wielding a +2 scythe of freezing
              (31 damage)
             ... in an ice cave.
             The game lasted 00:54:54 (20680 turns).

Toastz the Zephyrmancer (Tengu Air Elementalist)   Turns: 20680, Time: 00:54:54

Health: -27/109    AC: 30    Str: 15    XL:     12   Next: 34%
Magic:  1/24       EV:  2    Int: 21    God:    Sif Muna [****..]
Gold:   604        SH: 12    Dex: 17    Spells: 13/26 levels left

rFire   + . .      SeeInvis .   a - +1 mace (protect)
rCold   + . .      Faith    .   K - +1 kite shield
rNeg    . . .      Spirit   .   (body armour currently unavailable)
rPois   +          Reflect  .   (helmet currently unavailable)
rElec   .          Harm     .   (cloak currently unavailable)
rCorr   .          Rampage  .   (gloves currently unavailable)
Will    .....      NoTele   +   (boots unavailable)
Stlth   ++........              J - amulet of the acrobat
HPRegen 0.28/turn               l - ring "Fyv Wamn" {rPois rF+ rC+ Int+3 Dex+3}
MPRegen 0.19/turn               D - ring "Peynlerghae" {AC+4 Str+3}

@: tree-form
A: stationary, stasis, torment immunity, boosted hp, (beak), (talons 3), nimble
flight
a: Renounce Religion, Channel Magic, Forget Spell, Divine Exegesis


You were in an ice cave.
You worshipped Sif Muna.
Sif Muna was greatly pleased with you.
You were a tree.
You visited 3 branches of the dungeon, and saw 12 of its levels.
You also visited: Bailey and Ice Cave.

You collected 708 gold pieces.
You spent 104 gold pieces at shops.

Inventory:

Hand Weapons
 a - a +1 mace of protection (weapon)
 E - a +1 dagger of draining
 M - a +4 long sword of freezing
Missiles
 e - 63 poisoned darts
 h - 19 curare-tipped darts
 F - 3 throwing nets
 T - 8 datura-tipped darts
Armour
 d - the +3 hat of Pondering (melded) {ponderous, Will+ MP+10 Int+5}
   (You took it off Gastronok on level 9 of the Dungeon)

   Int:       It affects your intelligence (+5).
   MP:        It affects your magic capacity (+10).
   Will:      It increases your willpower.
 m - a +2 leather armour of cold resistance (melded)
 H - a +1 buckler
 K - a +1 kite shield (worn)
 R - +1 steam dragon scales
 S - the +1 cloak of Starlight (melded) {*Dazzle EV+4 Stlth--}
   (You found it in a bailey)

   It may blind those who miss an attack against the wearer in melee combat.
   EV:        It affects your evasion (+4).
   Stlth:     It makes you much less stealthy.
Jewellery
 j - a ring of protection from cold
 l - the ring "Fyv Wamn" (left branch) {rPois rF+ rC+ Int+3 Dex+3}
   (You took it off a goblin on level 3 of the Dungeon)

   [ring of protection from fire]

   Int:       It affects your intelligence (+3).
   Dex:       It affects your dexterity (+3).
   rF:        It protects you from fire.
   rC:        It protects you from cold.
   rPois:     It protects you from poison.
 x - a ring of wizardry
 D - the ring "Peynlerghae" (right branch) {AC+4 Str+3}
   (You found it on level 9 of the Dungeon)

   [ring of protection]

   AC:        It affects your AC (+4).
   Str:       It affects your strength (+3).
 J - an amulet of the acrobat (around neck)
 L - a +4 ring of evasion
Wands
 q - a wand of flame (21)
 A - a wand of polymorph (20)
 I - a wand of mindburst (11)
 P - a wand of acid (2)
 Q - a wand of digging (4)
Scrolls
 c - 6 scrolls of teleportation
 f - 3 scrolls of enchant weapon
 g - 3 scrolls of vulnerability
 k - a scroll of poison {unknown}
 n - 5 scrolls of fog
 t - 3 scrolls of immolation
 w - 4 scrolls of amnesia
 C - a scroll of blinking {unknown}
 O - 2 scrolls of fear
Potions
 b - a potion of might {unknown}
 i - 3 potions of mutation
 o - 3 potions of magic
 p - 2 potions of lignification
 r - a potion of attraction
 u - 2 potions of flight {unknown}
 B - a potion of cancellation {unknown}
 G - 2 potions of heal wounds {unknown}
 N - 2 potions of resistance
Miscellaneous
 U - a lightning rod (4/4)


   Skills:
 + Level 8.0 Fighting
 - Level 3.0 Armour
 - Level 3.0 Dodging
 - Level 2.0 Stealth
 + Level 8.6 Shields
 + Level 7.6 Spellcasting
 - Level 8.0 Conjurations
 - Level 13.0 Air Magic
 - Level 3.0 Poison Magic
 - Level 6.0 Invocations


You had 13 spell levels left.
You knew the following spells:

 Your Spells              Type           Power      Damage    Failure   Level
a - Shock                 Conj/Air       100%       1d9       1%          1
b - Static Discharge      Conj/Air       51%        N/A       1%          2
c - Swiftness             Air            58%        N/A       1%          3
d - Airstrike             Air            29%        N/A       1%          4
e - Mephitic Cloud        Conj/Pois/Air  41%        N/A       2%          3

Your spell library contained the following spells:

 Spells                   Type           Power      Damage    Failure   Level
 Magic Dart               Conj           100%       1d8       1%          1
 Conjure Flame            Conj/Fire      24%        6-21      12%         3
 Call Imp                 Summ           8%         N/A       30%         2
 Ensorcelled Hibernation  Hex/Ice        16%        N/A       30%         2
 Spider Form              Tmut/Pois      14%        N/A       32%         3
 Ignite Poison            Fire/Tmut/Pois 12%        N/A       36%         3
 Sticky Flame             Conj/Fire      24%        2d5       36%         4
 Anguish                  Hex/Necr       4%         N/A       89%         4


Dungeon Overview and Level Annotations

Branches:
Dungeon (10/15)            Temple (1/1) D:4            Lair (1/6) D:9
 Bailey (visited)           IceCv (1/1)
    Orc: D:9-12

Altars:
Ashenzari
Cheibriados
Dithmenos
Elyvilon
Fedhas
Gozag
Hepliaklqana
Kikubaaqudgha
Makhleb
Nemelex Xobeh
Okawaru
Qazlal
Ru
Sif Muna
Trog
Uskayaw
Vehumet
Wu Jian
Xom
Yredelemnul
Zin
The Shining One

Shops:
D:1 !!=   D:8 ?

Annotations:
IceCv exclusion: 2 ice statues


Innate Abilities, Weirdness & Mutations

You are a tree.
Your roots penetrate the ground, keeping you stationary.
You cannot be teleported.
You are immune to unholy pain and torment.
Your maximum health is greatly increased.
Your equipment is partially melded.
((You have a beak for a mouth.))
((You have claws for feet.))
Your magical nature lets you fly swiftly and evasively.


Message History

Aiming: Airstrike (dangerous; 1% risk of failure)
Press: ? - help, Dir - move target, f/p - reaper
Aim: a reaper, wielding a +2 scythe of freezing (heavily wounded, empty space bonus: 8/8)
The air twists around and strikes the reaper!
The reaper is heavily wounded.
The reaper hits you from afar with a +2 scythe of freezing!
* * * LOW HITPOINT WARNING * * *
The reaper freezes you.
* * * LOW HITPOINT WARNING * * *
You feel better.
The reaper hits you from afar with a +2 scythe of freezing!
* * * LOW HITPOINT WARNING * * *
The reaper freezes you.
* * * LOW HITPOINT WARNING * * *
Really quaff the potion of lignification?
You turn into a tree.
The +1 cloak of Starlight {*Dazzle EV+4 Stlth--} melds into your body.
The +3 hat of Pondering {ponderous, Will+ MP+10 Int+5} melds into your body.
Your +2 leather armour of cold resistance melds into your body.
That put a bit of spring back into your step.
You feel your magic capacity decrease.
You feel less resistant to cold.
Your roots penetrate the ground.
The reaper hits you but does no damage.
Casting: Airstrike (mildly dangerous; 1% risk of failure)
Confirm with . or Enter, or press ? or * to list all spells.
Aiming: Airstrike (mildly dangerous; 1% risk of failure)
Press: ? - help, Dir - move target, f/p - reaper
Aim: a reaper, wielding a +2 scythe of freezing (heavily wounded, empty space bonus: 8/8)
The air twists around and strikes the reaper!
The reaper is severely wounded.
The reaper hits you from afar with a +2 scythe of freezing.
* * * LOW HITPOINT WARNING * * *
Casting: Airstrike (mildly dangerous; 1% risk of failure)
Confirm with . or Enter, or press ? or * to list all spells.
Aiming: Airstrike (mildly dangerous; 1% risk of failure)
Press: ? - help, Dir - move target, f/p - reaper
Aim: a reaper, wielding a +2 scythe of freezing (severely wounded, empty space bonus: 8/8)
The air twists around and strikes the reaper!
The reaper is severely wounded.
The reaper hits you from afar with a +2 scythe of freezing!!
You die...

## ###...# #..
#.#...#
#'###'#...#+#
#.#.'.......+
#.###.8...8.#
#.#.'.......+
#.###.8...8.###.
#.'...........'.
#.###.8.♣.8.###
#.# +.......+
#.# #.8.2.8.#
#.# +.......+
#'######'######
#...............
####8.#####.8###
##.# .(# ## #.#
⌠.#


You could see a reaper.

Vanquished Creatures
  Gastronok (D:9)
  3 two-headed ogres
  Pikel (D:7)
  An orc knight (Bailey)
  A cane toad (Lair:1)
  A kobold demonologist (D:10)
  A komodo dragon (Lair:1)
  An unseen horror (D:10)
  8 ice devils (IceCv)
  An entropy weaver simulacrum (IceCv)
  A hornet (D:9)
  Prince Ribbit (D:7)
  2 wraiths
  A wyvern (D:6)
  A dire elephant simulacrum (IceCv)
  14 yaks
  6 humans (D:7)
  Menkaure (D:7)
  2 steam dragons
  A harpy simulacrum (IceCv)
  Duvessa (D:7)
  4 orc warriors
  2 ice beasts
  3 black bears
  A sky beast (D:7)
  An ogre (D:5)
  3 wolves (Lair:1)
  3 centaurs
  13 kobold brigands
  2 phantoms
  3 gnoll sergeants
  3 bullfrogs
  8 wights
  Dowan (D:7)
  2 howler monkeys (D:9)
  6 hounds
  2 jellies
  2 orc priests
  3 gnoll shamans
  4 iguanas
  Jessica (D:2)
  Natasha (thrice) (D:2)
  5 orc wizards
  A spriggan simulacrum (IceCv)
  A troll simulacrum (IceCv)
  8 adders
  28 gnolls
  A shadow imp (D:5)
  12 white imps (Lair:1)
  An ufetubus (D:6)
  2 worms
  2 dart slugs (D:1)
  20 orcs
  7 endoplasms
  6 giant cockroaches
  9 goblins
  13 hobgoblins
  6 jackals
  6 quokkas
  7 ball pythons
  4 bats
  3 frilled lizards
  29 kobolds
  5 rats
296 creatures vanquished.

Vanquished Creatures (others)
  7 plants
7 creatures vanquished.

Grand Total: 303 creatures vanquished

Notes
Turn   | Place    | Note
-------+----------+-------------------------------------------
     0 | D:1      | Toastz the Tengu Air Elementalist began the quest for the
                  | Orb.
     0 | D:1      | Reached XP level 1. HP: 10/10 MP: 4/4
   180 | D:1      | Reached skill level 1 in Fighting
   180 | D:1      | Reached XP level 2. HP: 10/16 MP: 0/6
   348 | D:1      | Found Ythail's Jewellery Shoppe.
   396 | D:1      | Found Ehoankus's Distillery.
   487 | D:1      | Learned a level 2 spell: Static Discharge
   488 | D:1      | Found Kean's Distillery.
  1156 | D:2      | Reached XP level 3. HP: 21/21 MP: 2/7
  1268 | D:2      | Found a faded altar of an unknown god.
  2444 | D:2      | Noticed Natasha
  2457 | D:2      | Killed Natasha
  2458 | D:2      | Reached skill level 1 in Armour
  2458 | D:2      | Reached XP level 4. HP: 5/27 MP: 0/8
  2698 | D:2      | Learned a level 3 spell: Swiftness
  3039 | D:2      | Noticed Natasha
  3049 | D:2      | Killed Natasha
  3060 | D:2      | Noticed Jessica
  3067 | D:2      | Killed Jessica
  3068 | D:2      | Gained mutation: Your magical nature lets you fly swiftly
                  | and evasively. [Tengu growth]
  3068 | D:2      | Reached XP level 5. HP: 32/32 MP: 4/9
  3592 | D:2      | Noticed Natasha
  3598 | D:2      | Killed Natasha
  3599 | D:2      | Reached XP level 6. HP: 29/37 MP: 3/10
  4392 | D:3      | Identified the ring "Fyv Wamn" {rPois rF+ rC+ Int+3 Dex+3}
  5391 | D:4      | HP: 1/38 [poisoned by a kobold brigand]
  6286 | D:4      | Found a staircase to the Ecumenical Temple.
  6290 | D:4      | Reached skill level 5 in Air Magic
  6398 | Temple   | Entered the Ecumenical Temple
  6656 | Temple   | Became a worshipper of Sif Muna the Loreminder
  6902 | D:4      | Reached XP level 7. HP: 30/43 MP: 4/12
  7081 | D:4      | Reached skill level 6 in Air Magic
  7173 | D:4      | Learned a level 4 spell: Airstrike
  7214 | D:5      | Entered Level 5 of the Dungeon
  8288 | D:5      | Reached skill level 5 in Conjurations
  8575 | D:5      | Reached skill level 5 in Fighting
  8576 | D:5      | Reached XP level 8. HP: 49/49 MP: 3/13
  9023 | D:5      | Reached skill level 1 in Shields
  9023 | D:5      | Reached skill level 7 in Air Magic
  9921 | D:6      | Reached skill level 8 in Air Magic
 10199 | D:6      | Reached skill level 9 in Air Magic
 10564 | D:6      | Reached * piety under Sif Muna
 10565 | D:6      | Reached XP level 9. HP: 51/54 MP: 9/16
 10982 | D:6      | Noticed a two-headed ogre
 11071 | D:6      | Killed a two-headed ogre
 11327 | D:7      | Noticed Prince Ribbit
 11339 | D:7      | Killed Prince Ribbit
 11340 | D:7      | Reached skill level 5 in Shields
 11340 | D:7      | Reached skill level 5 in Spellcasting
 11442 | D:7      | Found a hide-covered altar of Uskayaw.
 11442 | D:7      | Found an iron altar of Okawaru.
 11458 | D:7      | Found an opulent altar of Gozag.
 11588 | D:7      | Reached skill level 1 in Invocations
 11700 | D:7      | Reached XP level 10. HP: 30/61 MP: 4/18
 12003 | D:7      | Noticed Menkaure
 12005 | D:7      | Killed Menkaure
 12223 | D:7      | Reached skill level 10 in Air Magic
 12450 | D:7      | Found Elir's Magic Scroll Emporium.
 12728 | D:7      | Noticed Pikel
 12733 | D:7      | Killed Pikel
 13001 | D:7      | Noticed Duvessa
 13006 | D:7      | Killed Duvessa
 13008 | D:7      | Noticed Dowan
 13143 | D:6      | Learned a level 3 spell: Mephitic Cloud
 13151 | D:7      | Killed Dowan
 13252 | D:7      | Found a blossoming altar of Fedhas.
 13589 | D:8      | Reached skill level 1 in Poison Magic
 13778 | D:8      | Reached ** piety under Sif Muna
 13877 | D:8      | Found a radiant altar of Vehumet.
 13908 | D:8      | Reached skill level 11 in Air Magic
 14571 | D:8      | Found Oreu's Magic Scroll Emporium.
 14579 | D:8      | Bought a scroll of identify for 22 gold pieces
 14579 | D:8      | Bought a scroll of identify for 22 gold pieces
 14579 | D:8      | Bought a scroll of identify for 22 gold pieces
 14579 | D:8      | Bought a scroll of magic mapping for 38 gold pieces
 14658 | D:9      | Noticed Gastronok
 14883 | D:9      | Noticed a two-headed ogre
 14889 | D:9      | Killed a two-headed ogre
 14890 | D:9      | Reached skill level 5 in Invocations
 14890 | D:9      | Reached XP level 11. HP: 14/67 MP: 10/21
 15143 | D:9      | Found a flagged portal.
 15157 | D:9      | Identified the ring "Peynlerghae" {AC+4 Str+3}
 15189 | Bailey   | Entered a bailey
 15439 | Bailey   | Found the +1 cloak of Starlight {*Dazzle EV+4 Stlth--}
 15456 | Bailey   | Noticed an orc knight
 15464 | Bailey   | Killed an orc knight
 15472 | Bailey   | Found an iron altar of Okawaru.
 15531 | Bailey   | Identified the +12 dire flail "Conservator" {elec, rC+}
 16121 | D:9      | Killed Gastronok
 16377 | D:9      | Found a staircase to the Lair.
 16457 | D:9      | Reached skill level 12 in Air Magic
 16990 | D:10     | Entered Level 10 of the Dungeon
 16993 | D:10     | Noticed a two-headed ogre
 16998 | D:10     | Killed a two-headed ogre
 17107 | D:10     | Found a snail-covered altar of Cheibriados.
 17137 | D:10     | Found a broken altar of Ashenzari.
 17196 | D:10     | Reached *** piety under Sif Muna
 17824 | D:10     | Found a stormy altar of Qazlal.
 18851 | Lair:1   | Entered Level 1 of the Lair of Beasts
 18989 | Lair:1   | Found a frozen archway.
 18997 | Lair:1   | Reached XP level 12. HP: 62/73 MP: 21/23
 19307 | IceCv    | Entered an ice cave
 19362 | IceCv    | Reached skill level 13 in Air Magic
 19479 | IceCv    | Reached **** piety under Sif Muna
 20648 | IceCv    | Noticed a reaper
 20677 | IceCv    | HP: 3/73 [reaper/+2 scythe of freezing (1)]
 20680 | IceCv    | Annihilated by a reaper

Illustrated notes

Levels and vault maps discovered:
D:1:      roderic_crop_circles_arrival_small, layout_rooms, serial_shops,
          nicolae_square_shop, nicolae_shop_trees, nicolae_shop_trees
D:2:      layout_basic, ebering_ecumenical_altar_webs,
          kennysheep_generic_room_16, uniq_natasha, uniq_jessica
D:3:      layout_loops_ring, chequers_serial_rivers_room_a
D:4:      cheibrodos_thug_alley, layout_basic, minmay_temple_entry_proselytizer
D:5:      layout_loops_ring, nicolae_underground_beach
D:6:      black_bear_nest_2, layout_basic
D:7:      layout_basic, fedhas_altar_fruit_tree, grunt_temple_overflow_open,
          serial_shops, shop_scrolls, minmay_ruffians, uniq_menkaure,
          uniq_pikel, uniq_prince_ribbit1, uniq_duvessa
D:8:      layout_loops_ring, vehumet_crystals, serial_shops, shop,
          dk_noncrumbling_4
D:9:      layout_layer_cave, lair_entry_dummy, enter_bailey_5,
          hangedman_abyss_or_decor_lesser_grid, uniq_gastronok
D:10:     layout_stronghold, nicolae_qazlal_style_of_elements,
          mainiacjoe_overflow_two_lobes
Temple:   minmay_temple_curvy_branch
Lair:1:   layout_chaotic_city, portal_ice_cave_entry_imps, serial_bayou_pond_c,
          minivault_25, minmay_shattered_shrine, serial_bayou_shore_a
IceCv:    ice_cave_tombish

Skill      XL: |  1  2  3  4  5  6  7  8  9 10 11 12 |
---------------+-------------------------------------+-----
Fighting       | 1 2 3 4 5 6 7 8 |  8.0
Conjurations   | 2 3 4 5 6 8 |  8.0
Armour         | 1 2 3 |  3.0
Air Magic      | 5 6 9 11 12 13 | 13.0
Spellcasting   | 3 4 5 6 7 |  7.6
Dodging        | 3 |  3.0
Shields        | 3 5 6 7 8 |  8.6
Invocations    | 1 5 6 |  6.0
Poison Magic   | 2 3 |  3.0
Stealth        | |  2.0

Action                   |  1- 3 |  4- 6 |  7- 9 | 10-12 || total
-------------------------+-------+-------+-------+-------++-------
Melee: Unarmed           |    12 |       |       |       ||    12
       Kick              |     8 |    15 |    20 |    31 ||    74
       Dagger            |    10 |     3 |       |       ||    13
       Peck              |     3 |    12 |    10 |    26 ||    51
       Quarterstaff      |       |    52 |       |       ||    52
       Mace              |       |       |    58 |   107 ||   165
 Cast: Shock             |    56 |   155 |   142 |   174 ||   527
       Static Discharge  |     5 |     4 |    50 |   138 ||   197
       Airstrike         |       |       |     8 |    89 ||    97
       Mephitic Cloud    |       |       |       |    14 ||    14
       Swiftness         |       |       |       |     1 ||     1
Invok: Channel Magic     |       |       |       |     3 ||     3
Evoke: Wand              |       |       |       |     1 ||     1
  Use: Potion            |     1 |     2 |       |     2 ||     5
       Scroll            |     1 |     7 |     2 |    11 ||    21
 Stab: Sleeping          |     1 |     1 |       |       ||     2
       Confused          |       |       |       |     2 ||     2
       Invisible         |       |       |       |     2 ||     2
Armor: Robe              |     1 |       |       |       ||     1
       Ring mail         |     4 |       |       |       ||     4
       Leather armour    |     2 |    14 |    32 |    67 ||   115
       Steam dragon scal |       |       |       |    14 ||    14
       Skin              |       |       |       |     1 ||     1
Dodge: Dodged            |    10 |    51 |    85 |   173 ||   319
Block: Buckler           |       |       |    18 |       ||    18
       Kite shield       |       |       |    17 |   171 ||   188

Table legend: (Time is in decaauts)
 A = Elapsed time spent in this place.
 B = Non-inter-level travel time spent in this place.
 C = Inter-level travel time spent in this place.
 D = Time resting spent in this place.
 E = Time spent auto-exploring this place.
 F = Levels seen in this place.
 G = Mean time per level.
                   A        B        C        D        E       F      G
               +--------+--------+--------+--------+--------+-----+--------+
         Total |  20258 |  19700 |    558 |   8259 |   8735 |  14 | 1447.0 |
       Dungeon |  17783 |  17251 |    532 |   6574 |   8427 |  10 | 1778.3 |
        Temple |    244 |    226 |     18 |      0 |    221 |   1 |  244.0 |
          Lair |    465 |    457 |      8 |    342 |      0 |   1 |  465.0 |
        Bailey |    389 |    389 |      0 |    204 |     69 |   1 |  389.0 |
      Ice Cave |   1375 |   1375 |      0 |   1139 |     16 |   1 | 1375.0 |
               +--------+--------+--------+--------+--------+-----+--------+

Top non-repeatable levels by time:
     D:2: 2574 daAuts
     D:4: 2184 daAuts
     D:6: 2176 daAuts
    D:10: 1841 daAuts
     D:9: 1800 daAuts
     D:7: 1615 daAuts
     D:5: 1545 daAuts
     D:8: 1419 daAuts
     D:3: 1379 daAuts
   IceCv: 1375 daAuts
     D:1: 1245 daAuts
  Lair:1: 465 daAuts
  Bailey: 389 daAuts
  Temple: 244 daAuts
